 Dungeon Crawl Stone Soup version 0.21-a0-265-gb353147 (webtiles) character file.

8886 JackS81 the Martial Artist (level 11, -6/77 HPs)
             Began as a Merfolk Transmuter on Sept 12, 2017.
             Was a Believer of Makhleb.
             Shot with an arrow by a centaur warrior (19 damage)
             ... on level 10 of the Dungeon on Sept 13, 2017.
             The game lasted 01:10:52 (12687 turns).

JackS81 the Martial Artist (Merfolk Transmuter)    Turns: 12687, Time: 01:10:53

Health: -6/77      AC:  2    Str: 11 (12) XL:     11   Next: 37%
Magic:  16/18      EV: 24    Int: 16      God:    Makhleb [**....]
Gold:   445        SH:  0    Dex: 20      Spells: 4/19 levels left

rFire    + + .     SeeInvis .     - Unarmed
rCold    . . .     Gourm    .   (shield currently unavailable)
rNeg     . . .     Faith    .   (armour currently unavailable)
rPois    x         Spirit   .   (helmet currently unavailable)
rElec    .         Reflect  .   (cloak currently unavailable)
rCorr    .         Harm     .   (gloves currently unavailable)
MR       .....                  (boots currently unavailable)
Stlth    ++........             (no amulet)
HPRegen  0.22/turn              o - ring of protection from fire
MPRegen  0.16/turn              D - ring of protection from fire

@: spider-form
A: (change form in water), (swift swim), (stealthy swim), deterioration 1,
strong 1
a: End Transformation, Minor Destruction, Renounce Religion


You were on level 10 of the Dungeon.
You worshipped Makhleb.
Makhleb was pleased with you.
You were not hungry.
You were a venomous arachnid creature.
You visited 2 branches of the dungeon, and saw 11 of its levels.

You collected 445 gold pieces.

Inventory:

Hand Weapons
 e - a +1 vampiric dagger
 l - a cursed -2 short sword
Missiles
 a - 169 arrows
 w - 5 tomahawks (quivered)
Armour
 b - a +0 robe
 k - a +1 helmet
 n - the +4 scale mail "Qazeufauha" {Regen+, unknown}
   (You found it on level 10 of the Dungeon)

   It increases your rate of regeneration.
 B - a +2 cloak (melded)
 I - the +7 scale mail of Dasoe {rF- MR++ Int+2 SInv, unknown}
   (You found it on level 8 of the Dungeon)

   It affects your intelligence (+2).
   It makes you vulnerable to fire.
   It affects your resistance to hostile enchantments.
   It lets you see invisible.
 K - a +0 troll leather armour (melded)
Magical Staves
 C - an uncursed staff of summoning
Jewellery
 i - a -3 ring of protection
 j - an uncursed ring of protection from fire
 o - a ring of protection from fire (left front leg)
 z - an uncursed amulet of guardian spirit
 D - a ring of protection from fire (right front leg)
 L - an uncursed amulet of the gourmand
Wands
 s - a wand of lightning (15/15)
 u - a wand of lightning (7/15)
 v - a wand of random effects (30/48)
 y - a wand of confusion (34/48)
 A - a wand of random effects (7/48)
 M - a wand of digging (9/24)
Scrolls
 f - 6 scrolls of teleportation
 p - 2 scrolls of recharging
 q - 4 scrolls of remove curse
 r - a scroll of amnesia
 t - a scroll of magic mapping
 x - a scroll of noise
 E - 2 scrolls of immolation
Potions
 g - 2 potions of curing
 F - a potion of haste
 H - 2 potions of cancellation
 J - a potion of might
 N - a potion of invisibility {unknown}
Books
 c - a book of Changes

   Spells                             Type                      Level
   a - Beastly Appendage              Transmutation                1
   b - Sticks to Snakes               Transmutation                2
   c - Spider Form                    Transmutation/Poison         3
   d - Ice Form                       Ice/Transmutation            4
   e - Blade Hands                    Transmutation                5
 O - a book of Battle

   Spells                             Type                      Level
   a - Infusion                       Charms                       1
   b - Shroud of Golubria             Charms/Translocation         2
   c - Song of Slaying                Charms                       2
   d - Spectral Weapon                Hexes/Charms                 3
   e - Regeneration                   Charms/Necromancy            3
 P - a book of Power

   Spells                             Type                      Level
   a - Iskenderun's Battlesphere      Conjuration/Charms           5
   b - Venom Bolt                     Conjuration/Poison           5
   c - Bolt of Magma                  Conjuration/Fire/Earth       5
   d - Iron Shot                      Conjuration/Earth            6
   e - Orb of Destruction             Conjuration                  7
   f - Spellforged Servitor           Conjuration/Summoning        7
Comestibles
 d - 12 bread rations
 h - 3 royal jellies
 m - 8 meat rations
 G - 8 chunks of flesh


   Skills:
 * Level 4.1 Fighting
 - Level 1.0 Short Blades
 + Level 5.2 Dodging
 - Level 12.6 Unarmed Combat
 + Level 4.8 Spellcasting
 * Level 2.5 Charms
 + Level 12.4 Transmutations
 - Level 1.4 Poison Magic
 * Level 4.5 Invocations


You had 4 spell levels left.
You knew the following spells:

 Your Spells              Type           Power        Failure   Level  Hunger
a - Beastly Appendage     Tmut           #####.       1%          1    None
b - Spider Form           Tmut/Pois      ####......   10%         3    ###....
c - Blade Hands           Tmut           #####.....   10%         5    ######.
d - Ice Form              Ice/Tmut       ###.....     28%         4    ####...
e - Shroud of Golubria    Chrm/Tloc      #.........   32%         2    ##.....


Dungeon Overview and Level Annotations

Branches:
Dungeon (10/15)            Temple (1/1) D:5            Lair (0/6) D:9
    Orc: D:9-12

Altars:
Ashenzari
Cheibriados
Dithmenos
Elyvilon
Fedhas
Gozag
Hepliaklqana
Kikubaaqudgha
Makhleb
Nemelex Xobeh
Okawaru
Qazlal
Ru
Sif Muna
Trog
Uskayaw
Vehumet
Wu Jian
Xom
Yredelemnul
Zin
The Shining One

Shops:
D:6 (*%}:   D:10 *


Innate Abilities, Weirdness & Mutations

((You revert to your normal form in water.))
((You are very nimble and swift while swimming.))
((You are very stealthy in the water. (Stealth+)))
((You have a beak for a mouth.))
Your body sometimes deteriorates upon taking damage.
Your muscles are strong. (Str +2)


Message History

The electric eel shoots out a bolt of lightning at you!
The bolt of electricity hits you!
The electric eel shoots out a bolt of lightning at you!
The bolt of electricity hits you!
Your body deteriorates!
You feel weakened.
The electric eel shoots out a bolt of lightning at you!
The bolt of electricity hits you!
The centaur warrior shouts!
You bite the electric eel!
The electric eel looks as sick as possible!
The electric eel is almost dead.
You kill the electric eel!
Makhleb accepts your kill.
The centaur warrior unwields an uncursed spear.
The centaur warrior wields a shortbow.
The centaur warrior shoots an arrow.
The arrow misses you.
The centaur warrior shoots an arrow.
The arrow hits you!!
* * * LOW HITPOINT WARNING * * *
The centaur warrior shoots an arrow.
The arrow hits you!!
You die...

# #.......########.#.......# # #
####.###########.#..c....##### #
#...........#.............. #
#..########.#.........##### #
##..#####................... #
#...........................
######................≈..........
.................................
................s..(.≈≈..........
######..............≈≈≈....≈.....
# .................≈≈...≈≈...≈. #
###...≈≈.....≈....≈≈..≈≈....≈. #
#....≈...≈≈......≈≈.≈....≈≈≈ #
...≈≈....≈.......≈..%....≈≈ #
...≈....≈................≈≈ #
≈....≈≈................≈ #
....≈.....≈≈......


You could see a centaur warrior.

Vanquished Creatures
  Harold (D:10)
  A two-headed ogre (D:8)
  The ghost of soark the Zephyrmancer, a novice TeAE of Vehumet (D:9)
  Maurice (D:8)
  A troll (D:10)
  Grinder (D:6)
  A hippogriff (D:10)
  8 yaks (D:10)
  A hungry ghost (D:8)
  2 wargs (D:9)
  A soldier ant (D:10)
  Duvessa (D:7)
  A water moccasin (D:7)
  An orc warrior (D:7)
  An ice beast (D:10)
  A phantom (D:9)
  2 sky beasts
  12 ogres
  2 centaurs (D:7)
  A crocodile (D:10)
  10 bullfrogs
  A big kobold (D:10)
  Dowan (D:7)
  2 scorpions
  3 jellies
  8 wights
  4 howler monkeys
  An electric eel (D:10)
  3 crimson imps
  7 hounds
  6 orc wizards
  Crazy Yiuf (D:3)
  A centaur skeleton (D:4)
  A bullfrog skeleton (D:9)
  3 iguanas
  4 worker ants
  A mummy (D:5)
  7 gnolls
  A howler monkey skeleton (D:5)
  11 adders
  3 shadow imps
  An ooze (D:1)
  3 adder skeletons
  3 worms
  3 dart slugs
  5 leopard geckos
  22 orcs
  5 giant cockroaches
  8 goblins
  5 hobgoblins
  10 jackals
  3 quokkas
  2 ball pythons
  6 bats
  6 frilled lizards
  A giant cockroach zombie (D:5)
  2 goblin skeletons (D:8)
  2 goblin zombies (D:8)
  2 hobgoblin zombies (D:8)
  7 kobolds
  A kobold skeleton (D:8)
  A leopard gecko skeleton (D:4)
  An orc skeleton (D:8)
  An orc zombie (D:8)
  A quokka skeleton (D:8)
  3 rats
224 creatures vanquished.

Vanquished Creatures (others)
  A jackal (D:10)
1 creature vanquished.

Grand Total: 225 creatures vanquished

Notes
Turn   | Place    | Note
-------+----------+-------------------------------------------
     0 | D:1      | JackS81 the Merfolk Transmuter began the quest for the Orb.
     0 | D:1      | Reached XP level 1. HP: 15/15 MP: 3/3
   166 | D:1      | Reached XP level 2. HP: 19/21 MP: 5/5
   478 | D:1      | Reached XP level 3. HP: 24/26 MP: 4/6
   845 | D:1      | Learned a level 3 spell: Spider Form
   867 | D:2      | Gained mutation: Your muscles are strong. (Str +2) [potion of mutation]
   867 | D:2      | Gained mutation: You have a beak for a mouth. [potion of mutation]
   867 | D:2      | Gained mutation: Your body sometimes deteriorates upon taking damage. [potion of mutation]
   867 | D:2      | Gained mutation: Your muscles are very strong. (Str +4) [potion of mutation]
  1001 | D:2      | Reached skill level 5 in Transmutations
  1015 | D:2      | Found a radiant altar of Vehumet.
  1015 | D:2      | Found a sparkling altar of Nemelex Xobeh.
  1015 | D:2      | Found an ornate altar of the Wu Jian Council.
  1097 | D:2      | Found a shadowy altar of Dithmenos.
  1254 | D:2      | Reached XP level 4. HP: 18/32 MP: 7/7
  2082 | D:2      | Found a hide-covered altar of Uskayaw.
  2130 | D:2      | Found a faded altar of an unknown god.
  2494 | D:3      | Reached skill level 1 in Poison Magic
  2494 | D:3      | Reached XP level 5. HP: 34/37 MP: 2/8
  2555 | D:3      | Reached skill level 1 in Short Blades
  2806 | D:3      | Reached XP level 6. HP: 33/43 MP: 3/9
  3342 | D:3      | Found a runed door.
  3495 | D:3      | Noticed Crazy Yiuf
  3501 | D:3      | Killed Crazy Yiuf
  3610 | D:3      | Learned a level 5 spell: Blade Hands
  4254 | D:4      | Reached XP level 7. HP: 24/50 MP: 8/10
  4696 | D:4      | Reached skill level 5 in Unarmed Combat
  4840 | D:5      | Entered Level 5 of the Dungeon
  5087 | D:5      | Found a staircase to the Ecumenical Temple.
  5096 | Temple   | Entered the Ecumenical Temple
  5234 | Temple   | Became a worshipper of Makhleb the Destroyer
  5655 | D:6      | Found Uppeluleunt's Book Emporium.
  5805 | D:5      | Found an iron altar of Okawaru.
  6032 | D:5      | Reached XP level 8. HP: 19/56 MP: 7/11
  6035 | D:5      | Lost mutation: Your muscles are very strong. (Str +4) [mutagenic meat]
  6697 | D:5      | Found an opulent altar of Gozag.
  6924 | D:6      | Found a blossoming altar of Fedhas.
  7065 | D:6      | Found Ucsaegop's Assorted Antiques.
  7067 | D:6      | Found Gulailaa's Gadget Boutique.
  7069 | D:6      | Found Dusenoe's Food Boutique.
  7070 | D:6      | Found Gyxuwets's Weapon Boutique.
  7100 | D:6      | Noticed Grinder
  7153 | D:6      | Killed Grinder
  7752 | D:7      | HP: 2/56 [something (6)]
  7944 | D:7      | Reached skill level 10 in Transmutations
  7944 | D:7      | Reached XP level 9. HP: 22/61 MP: 12/12
  8297 | D:7      | Reached * piety under Makhleb
  8342 | D:7      | Reached skill level 10 in Unarmed Combat
  8598 | D:7      | Found a white marble altar of Elyvilon.
  8626 | D:7      | Noticed Duvessa
  8626 | D:7      | Noticed Dowan
  8653 | D:7      | Killed Duvessa
  8658 | D:7      | Killed Dowan
  8930 | D:7      | Found a shimmering altar of Xom.
  8932 | D:7      | Found a snail-covered altar of Cheibriados.
  8934 | D:7      | Found a basalt altar of Yredelemnul.
  9154 | D:8      | Noticed Maurice
  9165 | D:8      | Killed Maurice
  9403 | D:8      | Noticed a two-headed ogre
  9408 | D:8      | Killed a two-headed ogre
  9408 | D:8      | Reached XP level 10. HP: 47/67 MP: 11/13
  9414 | D:8      | Learned a level 4 spell: Ice Form
  9679 | D:8      | Found a glowing golden altar of the Shining One.
  9763 | D:8      | Got a twisted scale mail
  9998 | D:9      | Reached skill level 1 in Invocations
 10054 | D:9      | Noticed soark's ghost (novice TeAE)
 10062 | D:9      | Killed soark's ghost
 10254 | D:9      | Reached ** piety under Makhleb
 10706 | D:9      | Found a staircase to the Lair.
 10863 | D:9      | Found a hazy altar of Hepliaklqana.
 11290 | D:9      | Learned a level 2 spell: Shroud of Golubria
 11291 | D:10     | Entered Level 10 of the Dungeon
 11291 | D:10     | Noticed Harold
 11306 | D:10     | Killed Harold
 11306 | D:10     | Reached skill level 1 in Charms
 11310 | D:10     | Reached XP level 11. HP: 74/74 MP: 10/16
 11311 | D:10     | Noticed a centaur warrior
 11476 | D:10     | Found a basalt altar of Yredelemnul.
 11764 | D:10     | Got a steaming scale mail
 11795 | D:10     | Reached skill level 5 in Dodging
 12295 | D:10     | Found Pipn's General Store.
 12687 | D:10     | Shot with an arrow by a centaur warrior

Vault maps used:
D:1:      erik_arrival_blinker_ship
D:2:      overflow_temple_1_default, nicolae_overflow_hidden_temple,
          gammafunk_temple_overflow_claw, serial_co_window_serial,
          co_window_paths_a, co_window_paths_b, co_window_paths_b,
          co_window_paths_a, co_window_corner_a, co_window_paths_a,
          co_window_of_opportunity_c, co_window_2corner,
          co_window_of_opportunity_b, co_window_paths_c, co_window_4corner_b,
          co_window_sun, chequers_ecumenical_altar_island,
          minmay_tree_intersection
D:3:      first_bread, uniq_crazy_yiuf_cottage
D:5:      lemuel_doored_altar, lemuel_coloured_pillars_altar,
          lemuel_temple_firewalk_a, gup_ossuary_entry_pyramid
D:6:      basic_altar, serial_shops, shop, minmay_shop_grid_forest,
          minmay_misc_feat_roman, uniq_grinder
D:7:      kennysheep_little_box, grunt_temple_overflow_open, uniq_duvessa
D:8:      nicolae_tso_besieged_by_evil, uniq_maurice
D:9:      lemuel_round_altar, erik_lair_orcish_takeover
D:10:     cheibrodos_iron_armory, serial_shops, shop,
          hangedman_abyss_or_decor_stabs, grunt_ogre_cave,
          kennysheep_small_circle, uniq_harold
Temple:   jpeg_temple_island

Skill      XL: |  1  2  3  4  5  6  7  8  9 10 11 |
---------------+----------------------------------+-----
Transmutations | 3 4 5 6 7 8 9 10 12 | 12.4
Poison Magic   | 1 |  1.4
Short Blades   | 1 |  1.0
Fighting       | 2 4 |  4.1
Unarmed Combat | 4 6 9 12 | 12.6
Dodging        | 4 5 |  5.2
Invocations    | 3 4 |  4.5
Spellcasting   | 3 4 |  4.8
Charms         | 1 2 |  2.5

Action                   |  1- 3 |  4- 6 |  7- 9 | 10-12 || total
-------------------------+-------+-------+-------+-------++-------
Melee: Unarmed           |    97 |   152 |   201 |   201 ||   651
       Headbutt          |     6 |     2 |       |       ||     8
       Peck              |     1 |     5 |     2 |    12 ||    20
       Punch             |     1 |     1 |     2 |     3 ||     7
Throw: Tomahawk          |     2 |    30 |     5 |    12 ||    49
 Cast: Beastly Appendage |    16 |     4 |       |       ||    20
       Spider Form       |     5 |    20 |    27 |    14 ||    66
       Blade Hands       |       |     3 |     8 |    15 ||    26
       Ice Form          |       |       |       |     5 ||     5
       Shroud of Golubri |       |       |       |     7 ||     7
 Abil: End Transformatio |       |       |       |     1 ||     1
  Use: Scroll            |     3 |       |     9 |     8 ||    20
       Potion            |     1 |     5 |    10 |     2 ||    18
 Stab: Sleeping          |     1 |       |     1 |     1 ||     3
  Eat: Chunk             |     2 |    12 |    13 |    15 ||    42
       Fruit             |       |     2 |     2 |     5 ||     9
       Bread ration      |       |       |     2 |       ||     2
Armor: Robe              |    12 |    11 |     4 |    25 ||    52
       Skin              |     2 |     6 |     9 |    13 ||    30
       Troll leather arm |       |       |       |     3 ||     3
Dodge: Dodged            |    66 |   134 |   110 |   155 ||   465

Table legend:
 A = Spawn XP
 B = Non-spawn XP
 C = Spawn XP percentage of total XP
 D = Spawn monster count
 E = Non-spawn monster count
 F = Spawn count percentage of total count
 G = Total turns spent on level
                    A         B        C        D         E        F      G
               +---------+---------+-------+---------+---------+-------+---------
         Total |       0 |   12695 |   0.0 |       0 |     224 |   0.0 | 12687
               +---------+---------+-------+---------+---------+-------+---------
           D:1 |       0 |      34 |   0.0 |       0 |      16 |   0.0 |   866
           D:2 |       0 |      93 |   0.0 |       0 |      25 |   0.0 |  1506
           D:3 |       0 |     254 |   0.0 |       0 |      32 |   0.0 |  1430
           D:4 |       0 |     471 |   0.0 |       0 |      20 |   0.0 |  1038
           D:5 |       0 |     466 |   0.0 |       0 |      11 |   0.0 |  1485
           D:6 |       0 |     591 |   0.0 |       0 |       8 |   0.0 |   639
           D:7 |       0 |    1836 |   0.0 |       0 |      27 |   0.0 |  1669
           D:8 |       0 |    2283 |   0.0 |       0 |      26 |   0.0 |   753
           D:9 |       0 |    2331 |   0.0 |       0 |      34 |   0.0 |  1481
          D:10 |       0 |    4336 |   0.0 |       0 |      25 |   0.0 |  1299
               +---------+---------+-------+---------+---------+-------+---------
